TOP OF THE 1ST |
Oklahoma Sooners batting - Pitching for Iowa Hawkeyes : RHP Stanley Russell
|
Pitching: RHP Stanley Russell
|
|
Batting: SHB Donald Reed
|
0-0: Ball 1-0: Called Strike 1-1: Called Strike 1-2: Ball 2-2: Strikes out looking
|
Batting: SHB César Álvarez
|
0-0: Ball 1-0: Ball 2-0: Called Strike 2-1: SINGLE (Line Drive, 34D)
|
Batting: RHB Adam Reeves
|
0-0: Fly out, F9 (Flyball, 89M)
|
Batting: RHB Steven Wright
|
0-0: Ball 1-0: Called Strike 1-1: Foul Ball, location: 2F 1-2: Ball 2-2: Foul Ball, location: 2F 2-2: Ball César Álvarez is caught stealing 2nd base
|
Top of the 1st over - 0 run(s), 1 hit(s), 0 error(s), 0 left on base; Oklahoma 0 - Iowa 0 |
BOTTOM OF THE 1ST |
Iowa Hawkeyes batting - Pitching for Oklahoma Sooners : RHP Gonzalo Gutiérrez
|
Pitching: RHP Gonzalo Gutiérrez
|
|
Batting: RHB Manuel Gómez
|
0-0: Ball 1-0: Ball 2-0: Fly out, F9 (Flyball, 89M)
|
Batting: RHB Gary Simmons
|
0-0: Swinging Strike 0-1: Ball 1-1: Ball 2-1: Ball 3-1: Foul Ball, location: 2F 3-2: Fly out, F8 (Flyball, 8RM)
|
Batting: LHB Rob Davidson
|
0-0: Ball 1-0: Ball 2-0: Foul Ball, location: 2F 2-1: SINGLE (Line Drive, 8LS)
|
Batting: RHB Chester Moore
|
0-0: Called Strike 0-1: Ball 1-1: Foul Ball, location: 2F 1-2: Strikes out swinging
|
Bottom of the 1st over - 0 run(s), 1 hit(s), 0 error(s), 1 left on base; Oklahoma 0 - Iowa 0 |
TOP OF THE 2ND |
Oklahoma Sooners batting - Pitching for Iowa Hawkeyes : RHP Stanley Russell
|
Batting: RHB Steven Wright
|
0-0: SINGLE (Line Drive, 56)
|
Batting: LHB Keith Green
|
0-0: Ball 1-0: Ball 2-0: Ground out 4-3 (Groundball, 4MD) Steven Wright to second
|
Batting: SHB Walt Rodgers
|
0-0: Ball 1-0: Ball 2-0: Ball 3-0: Base on Balls
|
Batting: RHB Dan Mitchell
|
0-0: Ball 1-0: Called Strike 1-1: Ground out 5-3 (Groundball, 15S) Steven Wright to third Walt Rodgers to second
|
Batting: RHB Ben Fisher
|
0-0: Ball 1-0: Ball 2-0: Called Strike 2-1: Swinging Strike 2-2: Ground out 6-3 (Groundball, 6)
|
Top of the 2nd over - 0 run(s), 1 hit(s), 0 error(s), 2 left on base; Oklahoma 0 - Iowa 0 |
BOTTOM OF THE 2ND |
Iowa Hawkeyes batting - Pitching for Oklahoma Sooners : RHP Gonzalo Gutiérrez
|
Batting: RHB José Gonzáles
|
0-0: Ball 1-0: Called Strike 1-1: Ball 2-1: Ball 3-1: Foul Ball, location: 2F 3-2: SINGLE (Groundball, 6MD)
|
Batting: RHB Miguel Costa
|
0-0: Called Strike 0-1: Ball 1-1: Ball 2-1: Ball 3-1: Base on Balls José Gonzáles to second
|
Batting: RHB Kelsey Scott
|
0-0: Called Strike 0-1: Ball 1-1: Ball 2-1: Foul Ball, location: 2F 2-2: Strikes out swinging
|
Batting: RHB Joe Brinkman
|
0-0: Ball 1-0: SINGLE (Line Drive, 56D) José Gonzáles to third Miguel Costa to second
|
Batting: LHB Gilbert Stegall
|
0-0: Fielders Choice at 2nd, 4-6 (Groundball, 4) José Gonzáles scores Miguel Costa to third
|
Batting: RHB Manuel Gómez
|
0-0: Called Strike 0-1: Ball 1-1: Swinging Strike 1-2: Ball 2-2: Ball 3-2: Foul Ball, location: 2F 3-2: Base on Balls Gilbert Stegall to second
|
Batting: RHB Gary Simmons
|
0-0: Called Strike 0-1: Ball 1-1: GRAND SLAM HOME RUN (Flyball, 7LD), Distance : 324 ft
|
Batting: LHB Rob Davidson
|
0-0: Foul Ball, location: 2F 0-1: Foul Ball, location: 2F 0-2: Ball 1-2: Ball 2-2: Ball 3-2: Ground out U3 (Groundball, 3S)
|
Bottom of the 2nd over - 5 run(s), 3 hit(s), 0 error(s), 0 left on base; Oklahoma 0 - Iowa 5 |
TOP OF THE 3RD |
Oklahoma Sooners batting - Pitching for Iowa Hawkeyes : RHP Stanley Russell
|
Batting: LHB Jimmy Banks
|
0-0: Called Strike 0-1: Foul Ball, location: 2F 0-2: Ball 1-2: Strikes out swinging
|
Batting: SHB Donald Reed
|
0-0: Called Strike 0-1: Foul Ball, location: 2F 0-2: Ball 1-2: Ball 2-2: Strikes out looking
|
Batting: SHB César Álvarez
|
0-0: Called Strike 0-1: Ball 1-1: Fly out, F7 (Flyball, 7M)
|
Top of the 3rd over - 0 run(s), 0 hit(s), 0 error(s), 0 left on base; Oklahoma 0 - Iowa 5 |
BOTTOM OF THE 3RD |
Iowa Hawkeyes batting - Pitching for Oklahoma Sooners : RHP Gonzalo Gutiérrez
|
Batting: RHB Chester Moore
|
0-0: Ball 1-0: Ball 2-0: Swinging Strike 2-1: Swinging Strike 2-2: Strikes out swinging, 2-3 out at first.
|
Batting: RHB José Gonzáles
|
0-0: Ball 1-0: Called Strike 1-1: SINGLE (Line Drive, 7S)
|
Batting: RHB Miguel Costa
|
0-0: Called Strike 0-1: Ball 1-1: Fly out, F8 (Flyball, 8LM)
|
Batting: RHB Kelsey Scott
|
0-0: DOUBLE (Line Drive, 5D) José Gonzáles to third Runner from 3rd tries for Home, SAFE, no throw or cutoff
|
Batting: RHB Joe Brinkman
|
0-0: Called Strike 0-1: Ball 1-1: Ground out 5-3 (Groundball, 56)
|
Bottom of the 3rd over - 1 run(s), 2 hit(s), 0 error(s), 1 left on base; Oklahoma 0 - Iowa 6 |
TOP OF THE 4TH |
Oklahoma Sooners batting - Pitching for Iowa Hawkeyes : RHP Stanley Russell
|
Batting: RHB Adam Reeves
|
0-0: SINGLE (Line Drive, 78M)
|
Batting: RHB Steven Wright
|
0-0: DOUBLE (Flyball, 9LM) Adam Reeves to third Runner from 3rd tries for Home, SAFE, throw made at trailing runner, SAFE at third!
|
Batting: LHB Keith Green
|
0-0: Foul Ball, location: 2F 0-1: Swinging Strike 0-2: DOUBLE (Flyball, 8RXD) Steven Wright scores
|
Batting: SHB Walt Rodgers
|
0-0: Ball 1-0: SINGLE (Groundball, 13) (infield hit) Keith Green to third
|
Batting: RHB Dan Mitchell
|
0-0: Called Strike Walt Rodgers is caught stealing 2nd base 0-1: Called Strike 0-2: Strikes out swinging
|
Batting: RHB Ben Fisher
|
0-0: Foul Ball, location: 2F 0-1: Ball 1-1: Called Strike 1-2: Strikes out swinging
|
Top of the 4th over - 2 run(s), 4 hit(s), 0 error(s), 1 left on base; Oklahoma 2 - Iowa 6 |
BOTTOM OF THE 4TH |
Iowa Hawkeyes batting - Pitching for Oklahoma Sooners : RHP Gonzalo Gutiérrez
|
Batting: LHB Gilbert Stegall
|
0-0: Ball 1-0: Foul Ball, location: 2F 1-1: Ball 2-1: Ball 3-1: Foul Ball, location: 2F 3-2: Base on Balls
|
Batting: RHB Manuel Gómez
|
0-0: Fly out, F3 (Popup, 3)
|
Batting: RHB Gary Simmons
|
0-0: Ball 1-0: Ball 2-0: Called Strike 2-1: Ball 3-1: Base on Balls Gilbert Stegall to second
|
Batting: LHB Rob Davidson
|
0-0: Ball 1-0: Ball 2-0: SINGLE (Groundball, 34D) (infield hit) Gilbert Stegall to third Gary Simmons to second
|
Pitching: RHP Bill Harper
|
|
Batting: RHB Chester Moore
|
0-0: Fly out, F8 (Flyball, 8LM) Runner from 3rd tags up, SCORES, no throw
|
Batting: RHB José Gonzáles
|
0-0: Ball 1-0: Fielders Choice at 2nd, 6-4 (Groundball, 6MS)
|
Bottom of the 4th over - 1 run(s), 1 hit(s), 0 error(s), 1 left on base; Oklahoma 2 - Iowa 7 |
TOP OF THE 5TH |
Oklahoma Sooners batting - Pitching for Iowa Hawkeyes : RHP Stanley Russell
|
Batting: LHB Jimmy Banks
|
0-0: Ball 1-0: Foul Ball, location: 2F 1-1: Foul Ball, location: 2F 1-2: Foul Ball, location: 2F 1-2: Foul Ball, location: 2F 1-2: Strikes out looking
|
Batting: SHB Donald Reed
|
0-0: Ball 1-0: Ball 2-0: Ball 3-0: Base on Balls
|
Batting: SHB César Álvarez
|
0-0: Swinging Strike 0-1: Ball 1-1: Ball 2-1: Called Strike 2-2: Foul Ball, location: 2F 2-2: Strikes out swinging
|
Batting: RHB Adam Reeves
|
0-0: Ball 1-0: Ball 2-0: Ball 3-0: Base on Balls Donald Reed to second
|
Batting: RHB Steven Wright
|
0-0: Ball 1-0: Foul Ball, location: 2F 1-1: Swinging Strike 1-2: Foul Ball, location: 2F 1-2: SINGLE (Flyball, 7S) Donald Reed to third Adam Reeves to second Runner from 3rd tries for Home, SAFE, no throw or cutoff
|
Pitching: RHP Ed Meadows
|
|
Batting: LHB Keith Green
|
0-0: Ball 1-0: Swinging Strike 1-1: Swinging Strike 1-2: Strikes out swinging
|
Top of the 5th over - 1 run(s), 1 hit(s), 0 error(s), 2 left on base; Oklahoma 3 - Iowa 7 |
BOTTOM OF THE 5TH |
Iowa Hawkeyes batting - Pitching for Oklahoma Sooners : RHP Bill Harper
|
Batting: RHB Miguel Costa
|
0-0: Ball 1-0: Foul Ball, location: 2F 1-1: Swinging Strike 1-2: Foul Ball, location: 2F 1-2: Ball 2-2: Ball 3-2: Base on Balls
|
Batting: RHB Kelsey Scott
|
0-0: Ball 1-0: Called Strike 1-1: Ball 2-1: Ball 3-1: Foul Ball, location: 2F 3-2: Fly out, F8 (Flyball, 89M) 3-2: Fly out, F8 (Flyball, 89M)
|
Batting: RHB Joe Brinkman
|
0-0: Ball 1-0: Called Strike Miguel Costa steals 2nd base 1-1: Ball 2-1: SINGLE (Groundball, 6) Miguel Costa to third Runner from 3rd tries for Home, SAFE, no throw or cutoff
|
Batting: LHB Gilbert Stegall
|
0-0: Fielders Choice at 2nd, 3-6 (Groundball, 3)
|
Batting: RHB Manuel Gómez
|
0-0: Foul Ball, location: 2F 0-1: Ball 1-1: Ball 2-1: Ground out 6-3 (Groundball, 6)
|
Bottom of the 5th over - 1 run(s), 1 hit(s), 0 error(s), 1 left on base; Oklahoma 3 - Iowa 8 |
TOP OF THE 6TH |
Oklahoma Sooners batting - Pitching for Iowa Hawkeyes : RHP Ed Meadows
|
Batting: SHB Walt Rodgers
|
0-0: Called Strike 0-1: Called Strike 0-2: Ball 1-2: Ball 2-2: Ball 3-2: Strikes out swinging
|
Batting: RHB Dan Mitchell
|
0-0: Called Strike 0-1: Swinging Strike 0-2: Strikes out swinging
|
Batting: RHB Ben Fisher
|
0-0: Fly out, F8 (Flyball, 8RD)
|
Top of the 6th over - 0 run(s), 0 hit(s), 0 error(s), 0 left on base; Oklahoma 3 - Iowa 8 |
BOTTOM OF THE 6TH |
Iowa Hawkeyes batting - Pitching for Oklahoma Sooners : RHP Bill Harper
|
Batting: RHB Gary Simmons
|
0-0: Ball 1-0: Ball 2-0: Foul Ball, location: 2F 2-1: Foul Ball, location: 2F 2-2: Foul Ball, location: 2F 2-2: Ball 3-2: Foul Ball, location: 2F 3-2: Foul Ball, location: 2F 3-2: Base on Balls
|
Batting: LHB Rob Davidson
|
0-0: SINGLE (Flyball, 8LS) Gary Simmons to second
|
Batting: RHB Chester Moore
|
0-0: Foul Ball, location: 2F 0-1: Ball 1-1: Fielders Choice at 2nd, 1-6 (Groundball, 13S) Gary Simmons to third
|
Batting: RHB José Gonzáles
|
0-0: Foul Ball, location: 2F 0-1: Fly out, F7 (Flyball, 7M) Runner from 3rd tags up, SCORES, throw made
|
Batting: RHB Miguel Costa
|
0-0: Ball 1-0: Ball 2-0: Fly out, F9 (Flyball, 89M)
|
Bottom of the 6th over - 1 run(s), 1 hit(s), 0 error(s), 1 left on base; Oklahoma 3 - Iowa 9 |
TOP OF THE 7TH |
Oklahoma Sooners batting - Pitching for Iowa Hawkeyes : RHP Ed Meadows
|
Batting: LHB Jimmy Banks
|
0-0: Foul Ball, location: 2F 0-1: Ball 1-1: Ball 2-1: Ball 3-1: Called Strike 3-2: Foul Ball, location: 2F 3-2: Base on Balls
|
Batting: SHB Donald Reed
|
0-0: Ball 1-0: Ball 2-0: Foul Ball, location: 2F 2-1: Ball 3-1: Foul Ball, location: 2F 3-2: Fly out, F9 (Flyball, 89M)
|
Batting: SHB César Álvarez
|
0-0: Foul Ball, location: 2F 0-1: Ball 1-1: Ball 2-1: Ball 3-1: SINGLE (Groundball, 5D) Jimmy Banks to second
|
Batting: RHB Adam Reeves
|
0-0: SINGLE (Line Drive, 89M) Jimmy Banks to third César Álvarez to second
|
Batting: RHB Steven Wright
|
0-0: Ball 1-0: Foul Ball, location: 2F 1-1: Called Strike 1-2: Strikes out swinging
|
Batting: LHB Keith Green
|
0-0: Swinging Strike 0-1: Ball 1-1: SINGLE (Groundball, 4M) Jimmy Banks scores César Álvarez to third Adam Reeves to second Runner from 3rd tries for Home, SAFE, no throw or cutoff
|
Batting: SHB Walt Rodgers
|
0-0: Ball 1-0: Called Strike 1-1: Ball 2-1: Called Strike 2-2: Ball 3-2: Foul Ball, location: 2F 3-2: Base on Balls Adam Reeves to third Keith Green to second
|
Batting: RHB Dan Mitchell
|
0-0: Foul Ball, location: 2F 0-1: Swinging Strike 0-2: Strikes out swinging
|
Top of the 7th over - 2 run(s), 3 hit(s), 0 error(s), 3 left on base; Oklahoma 5 - Iowa 9 |
BOTTOM OF THE 7TH |
Iowa Hawkeyes batting - Pitching for Oklahoma Sooners : RHP Bill Harper
|
Pitching: RHP Joseph Taylor
|
|
Batting: RHB Kelsey Scott
|
0-0: Fly out, F9 (Flyball, 89M)
|
Batting: RHB Joe Brinkman
|
0-0: SOLO HOME RUN (Flyball, 78XD), Distance : 374 ft
|
Batting: LHB Gilbert Stegall
|
0-0: Ground out 2-3 (Groundball, 2R)
|
Batting: RHB Manuel Gómez
|
0-0: Ball 1-0: Foul Ball, location: 2F 1-1: SINGLE (Groundball, 56D)
|
Batting: RHB Gary Simmons
|
0-0: Ball 1-0: Called Strike 1-1: Called Strike 1-2: Strikes out looking
|
Bottom of the 7th over - 1 run(s), 2 hit(s), 0 error(s), 1 left on base; Oklahoma 5 - Iowa 10 |
TOP OF THE 8TH |
Oklahoma Sooners batting - Pitching for Iowa Hawkeyes : RHP Ed Meadows
|
Pitching: RHP Jim Henson
|
|
Batting: RHB Ben Fisher
|
0-0: Called Strike 0-1: Ball 1-1: Ball 2-1: Swinging Strike 2-2: Ball 3-2: Strikes out swinging
|
Batting: LHB Jimmy Banks
|
0-0: Ball 1-0: Ball 2-0: Swinging Strike 2-1: Foul Ball, location: 2F 2-2: Ball 3-2: Strikes out swinging
|
Batting: SHB Donald Reed
|
0-0: Ball 1-0: DOUBLE (Line Drive, 3L)
|
Batting: SHB César Álvarez
|
0-0: Fly out, F8 (Flyball, 8LS)
|
Top of the 8th over - 0 run(s), 1 hit(s), 0 error(s), 1 left on base; Oklahoma 5 - Iowa 10 |
BOTTOM OF THE 8TH |
Iowa Hawkeyes batting - Pitching for Oklahoma Sooners : RHP Joseph Taylor
|
Batting: LHB Rob Davidson
|
0-0: Ball 1-0: Ball 2-0: Fly out, F2 (Popup, 2LF)
|
Batting: RHB Chester Moore
|
0-0: Called Strike 0-1: SOLO HOME RUN (Flyball, 7LD), Distance : 321 ft
|
Batting: RHB José Gonzáles
|
0-0: Ball 1-0: Ball 2-0: Swinging Strike 2-1: Ball 3-1: Swinging Strike 3-2: Foul Ball, location: 2F 3-2: Strikes out looking
|
Batting: RHB Miguel Costa
|
0-0: Ball 1-0: Called Strike 1-1: Ball 2-1: Foul Ball, location: 2F 2-2: Foul Ball, location: 2F 2-2: Strikes out swinging
|
Bottom of the 8th over - 1 run(s), 1 hit(s), 0 error(s), 0 left on base; Oklahoma 5 - Iowa 11 |
TOP OF THE 9TH |
Oklahoma Sooners batting - Pitching for Iowa Hawkeyes : RHP Jim Henson
|
Now at 1B: Rob Byrd
|
|
Batting: RHB Adam Reeves
|
0-0: Called Strike 0-1: SINGLE (Groundball, 34)
|
Batting: RHB Steven Wright
|
0-0: Ball 1-0: Ball 2-0: Called Strike 2-1: Foul Ball, location: 2F 2-2: SINGLE (Line Drive, 7LS) Adam Reeves to second
|
Batting: LHB Keith Green
|
0-0: Ball 1-0: Foul Ball, location: 2F 1-1: Ball 2-1: Fly out, F6 (Popup, 6MD)
|
Batting: SHB Walt Rodgers
|
0-0: Ball 1-0: Fly out, F6 (Line Drive, 6M)
|
Batting: RHB Dan Mitchell
|
0-0: Foul Ball, location: 2F 0-1: Ball 1-1: Foul Ball, location: 2F 1-2: SINGLE (Line Drive, 3D) Adam Reeves to third Steven Wright to second Runner from 3rd tries for Home, SAFE, no throw or cutoff
|
Batting: RHB Ben Fisher
|
0-0: Ball 1-0: Foul Ball, location: 2F 1-1: Ball 2-1: Foul Ball, location: 2F 2-2: Ball 3-2: Base on Balls Steven Wright to third Dan Mitchell to second
|
Pitching: LHP Peter Connolly
|
|
Batting: LHB Jimmy Banks
|
0-0: Ball 1-0: Fly out, F9 (Popup, 9S)
|
Top of the 9th over - 1 run(s), 3 hit(s), 0 error(s), 3 left on base; Oklahoma 6 - Iowa 11 |
|